 Dungeon Crawl Stone Soup version 0.28.0-43-g3370ac3207 (webtiles) character file.

Game seed: 14404628551279521180

119 crimpus the Changer (level 4, 0/21 HPs)
             Began as a Spriggan Transmuter on Mar 13, 2022.
             Slain by an iguana (4 damage)
             ... on level 4 of the Dungeon.
             The game lasted 00:06:43 (5293 turns).

crimpus the Changer (Spriggan Transmuter)           Turns: 5293, Time: 00:06:44

Health: 0/21       AC:  2    Str:  8    XL:     4   Next: 73%
Magic:  7/10       EV: 21    Int: 14    God:
Gold:   133        SH:  0    Dex: 20    Spells: 3/9 levels left

rFire   . . .      SeeInvis +     - Unarmed
rCold   . . .      Faith    .   (shield currently unavailable)
rNeg    . . .      Spirit   .   (armour currently unavailable)
rPois   x          Reflect  .   (helmet currently unavailable)
rElec   .          Harm     .   (cloak currently unavailable)
rCorr   .          Rampage  .   (gloves unavailable)
Will    +....                   (boots unavailable)
Stlth   ++........              (no amulet)
HPRegen 0.07/turn               h - ring of willpower
MPRegen 0.12/turn               (no ring)

@: spider-form
A: venomous fangs, tiny, no large weapons, unfitting armour, see invisible,
(speed 3)
a: End Transformation


You were on level 4 of the Dungeon.
You were a venomous arachnid creature.
You visited 1 branch of the dungeon, and saw 4 of its levels.

You collected 133 gold pieces.

Inventory:

Armour
 a - a +0 robe (melded)
 c - a +0 cloak (melded)
 n - a scarf of harm
Jewellery
 e - a ring of positive energy
 g - a +6 ring of intelligence
 h - a ring of willpower (left front leg)
Wands
 f - a wand of iceblast (7)
Scrolls
 b - 3 scrolls of identify
 k - 3 scrolls of silence {unknown}
 l - a scroll of teleportation {unknown}
Potions
 d - a potion of attraction
 i - a potion of lignification {unknown}
 j - a potion of magic {unknown}
 m - a potion of brilliance


   Skills:
 + Level 0.7 Fighting
 + Level 3.1 Dodging
 + Level 2.0 Stealth
 + Level 3.3 Unarmed Combat
 + Level 3.4 Spellcasting
 + Level 3.6 Transmutations
 * Level 1.1 Poison Magic


You had 3 spell levels left.
You knew the following spells:

 Your Spells              Type           Power      Damage    Failure   Level
a - Beastly Appendage     Tmut           24%        N/A       14%         1
b - Wereblood             Tmut           12%        N/A       19%         2
c - Spider Form           Tmut/Pois      9%         N/A       43%         3

Your spell library contained the following spells:

 Spells                   Type           Power      Damage    Failure   Level
 Dazzling Flash           Conj/Hex       4%         N/A       73%         3
 Ice Form                 Ice/Tmut       7%         N/A       85%         4
 Agony                    Necr           2%         N/A       100%        5
 Silence                  Hex/Air        1%         N/A       100%        5


Dungeon Overview and Level Annotations

Branches:
Dungeon (4/15)
 Temple: D:4-7

Altars:

Annotations:
D:1 1 runed translucent door


Innate Abilities, Weirdness & Mutations

You are a venomous arachnid creature.
You have poisonous fangs.
You are tiny and dextrous.
Your spellcasting is less reliable in this form.
Your armour is entirely melded.
You are incapable of wielding weapons or throwing items.
You are very small and have problems with some larger weapons.
You are too small for most types of armour.
You have supernaturally acute eyesight. (SInv)
((You cover ground extremely quickly. (Speed+++)))


Message History

You hit the endoplasm.
You kill the endoplasm!
Your transformation is almost over.
The iguana barely misses you.
You hit the iguana.
The iguana is lightly wounded.
The iguana misses you.
You hit the iguana but do no damage.
The iguana is lightly wounded.
The iguana bites you.
You hit the iguana but do no damage. You punch the iguana, but do no damage.
The iguana is lightly wounded.
The iguana closely misses you.
You hit the iguana but do no damage.
The iguana is lightly wounded.
The iguana barely misses you.
You hit the iguana. You claw the iguana. Your headbutt misses the iguana.
The iguana is moderately wounded.
The hobgoblin barely misses you. The iguana bites you.
Casting: Beastly Appendage (safe; 4% risk of failure)
Confirm with . or Enter, or press ? or * to list all spells.
The spell is extremely dangerous to miscast (22% risk of failure)!
Continue anyway?
Your horns disappear.
Your talons disappear.
You turn into a venomous arachnid creature.
Your +0 cloak melds into your body.
Your +0 robe melds into your body.
You barely miss the iguana.
The iguana is moderately wounded.
The iguana bites you but does no damage.
You hit the iguana but do no damage.
The iguana is poisoned.
The iguana is moderately wounded.
The iguana bites you!
* * * LOW HITPOINT WARNING * * *
You are too injured to fight recklessly!
You are too injured to fight recklessly!
You are too injured to fight recklessly!
Unknown command.
You hit the iguana but do no damage.
The iguana is severely wounded.
The iguana bites you.
You die...

............
#..........
#........#
##....##
#......#
##.###..# ##g##
...# ###l## .#.#
####.s## ###..
##....## #..
#..†..# #.
##..######
######>.###...##
# ##......##
#....## ##
##.####..#
##.###.## #.
#.## ######.##
##.###########.
##.## ##..##
#..##.........


You could see an iguana (very poisoned) and a hobgoblin.

Vanquished Creatures
  A hound skeleton (D:4)
  2 adders
  An adder skeleton (D:4)
  2 worms
  2 dart slugs (D:1)
  9 bats
  8 endoplasms
  2 giant cockroaches
  7 goblins
  10 hobgoblins
  8 kobolds
  3 quokkas
  8 ball pythons
  4 frilled lizards
  2 rats
69 creatures vanquished.

Notes
Turn   | Place    | Note
-------+----------+-------------------------------------------
     0 | D:1      | crimpus the Spriggan Transmuter began the quest for the
                  | Orb.
     0 | D:1      | Reached XP level 1. HP: 9/9 MP: 5/5
     1 | D:1      | Found a runed translucent door.
   177 | D:1      | Reached XP level 2. HP: 2/14 MP: 4/6
   744 | D:1      | Learned a level 2 spell: Wereblood
  1579 | D:1      | Found a faded altar of an unknown god.
  1970 | D:2      | Reached XP level 3. HP: 14/17 MP: 6/8
  2046 | D:2      | Learned a level 3 spell: Spider Form
  2066 | D:2      | Reached skill level 1 in Stealth
  3800 | D:3      | Reached XP level 4. HP: 21/21 MP: 5/9
  4107 | D:3      | Reached skill level 1 in Poison Magic
  5293 | D:4      | Slain by an iguana

Illustrated notes

Levels and vault maps discovered:
D:1:      dpeg_arrival_caged_fury, layout_basic,
          dilly_ecumenical_altar_fadedgnrine, serial_forest,
          infiniplex_forest_lined_room_, infiniplex_forest_fountain,
          infiniplex_forest_clump_diagonal, infiniplex_forest_clump_diagonal,
          infiniplex_forest_clump_diagonal, infiniplex_forest_end_1,
          infiniplex_forest_clump_diagonal, infiniplex_forest_clump_double
D:2:      minmay_wonky_spiral, layout_rooms
D:3:      layout_basic
D:4:      layout_layer_cave, minmay_a_box_with_orc_wizards_in_it

Skill      XL: |  1  2  3  4 |
---------------+-------------+-----
Transmutations | 3 |  3.6
Dodging        | 3 |  3.1
Spellcasting   | 3 |  3.4
Unarmed Combat | 3 |  3.3
Stealth        | 1 2 |  2.0
Poison Magic   | 1 |  1.1
Fighting       | |  0.7

Action                   |  1- 3 |  4- 6 || total
-------------------------+-------+-------++-------
Melee: Unarmed           |   152 |    54 ||   206
       Kick              |    33 |    14 ||    47
       Headbutt          |    15 |     4 ||    19
       Punch             |     3 |     2 ||     5
 Cast: Beastly Appendage |    22 |    11 ||    33
       Spider Form       |     6 |     2 ||     8
       Wereblood         |     1 |       ||     1
  Use: Scroll            |     1 |     3 ||     4
       Potion            |       |     4 ||     4
 Stab: Sleeping          |     1 |     3 ||     4
Armor: Robe              |    14 |     7 ||    21
       Skin              |     2 |     1 ||     3
Dodge: Dodged            |   112 |    40 ||   152
